 Dungeon Crawl Stone Soup version 0.21.0-37-g46506fa (webtiles) character file.

110 tidbits the Digger (level 4, 3/32 HPs)
             Began as a Gnoll Earth Elementalist on Feb 1, 2018.
             Quit the game on level 4 of the Dungeon.
             The game lasted 00:05:53 (367 turns).

tidbits the Digger (Gnoll Earth Elementalist)        Turns: 367, Time: 00:05:54

Health: 3/32       AC:  4    Str: 10    XL:     4   Next: 91%
Magic:  6/11       EV: 15    Int: 18    God:
Gold:   46         SH:  0    Dex: 16    Spells: 10/13 levels left

rFire    . . .     SeeInvis .   a - +0 short sword
rCold    . . .     Gourm    .   (no shield)
rNeg     . . .     Faith    .   B - +0 robe
rPois    .         Spirit   .   (no helmet)
rElec    .         Reflect  .   (no cloak)
rCorr    .         Harm     .   (no gloves)
MR       .....                  F - +1 pair of boots
Stlth    +++.......             (no amulet)
HPRegen  0.10/turn              (no ring)
MPRegen  0.12/turn              (no ring)

@: no status effects
A: distributed training, fangs 1, strong nose
a: no special abilities


You were on level 4 of the Dungeon.
You were full.

You visited 1 branch of the dungeon, and saw 4 of its levels.

You collected 46 gold pieces.

Inventory:

Hand Weapons
 a - a +0 short sword (weapon)
 j - a +0 dagger
Missiles
 b - 7 stones (quivered)
 k - 21 arrows
Armour
 B - a +0 robe (worn)
 F - a +1 pair of boots (worn)
Scrolls
 m - a scroll of amnesia
Books
 e - a book of Geomancy

   Spells                             Type                      Level
   a - Sandblast                      Earth                        1
   b - Passwall                       Transmutation/Earth          2
   c - Stone Arrow                    Conjuration/Earth            3
   d - Petrify                        Transmutation/Earth          4
   e - Lee's Rapid Deconstruction     Earth                        5
Comestibles
 d - 2 rations


   Skills:
 + Level 1.2 Fighting
 + Level 1.2 Short Blades
 + Level 1.2 Long Blades
 + Level 1.2 Axes
 + Level 1.2 Maces & Flails
 + Level 1.2 Polearms
 + Level 1.2 Staves
 + Level 1.2 Slings
 + Level 1.2 Bows
 + Level 1.2 Crossbows
 + Level 1.2 Throwing
 + Level 1.2 Armour
 + Level 4.7 Dodging
 + Level 4.3 Stealth
 + Level 1.2 Shields
 + Level 1.2 Unarmed Combat
 + Level 5.1 Spellcasting
 + Level 1.0 Conjurations
 + Level 1.0 Hexes
 + Level 1.0 Charms
 + Level 1.0 Summonings
 + Level 1.0 Necromancy
 + Level 1.0 Translocations
 + Level 2.3 Transmutations
 + Level 1.0 Fire Magic
 + Level 1.0 Ice Magic
 + Level 1.0 Air Magic
 + Level 5.5 Earth Magic
 + Level 1.0 Poison Magic
 + Level 1.4 Invocations
 + Level 1.2 Evocations


You had 10 spell levels left.
You knew the following spells:

 Your Spells              Type           Power        Failure   Level  Hunger
a - Sandblast             Erth           ###...       1%          1    None
p - Passwall              Tmut/Erth      ###.......   4%          2    #......


Dungeon Overview and Level Annotations

Branches:
Dungeon (4/15)             Temple (0/1) D:4

Altars:
Uskayaw

Annotations:
D:4 Pikel


Innate Abilities, Weirdness & Mutations

Your experience applies equally to all skills.
You have very sharp teeth.
Your uncanny sense of smell can sniff out nearby items.


Message History

You hit the orc.
The orc is moderately wounded.
The orc hits you with a flail.
You hit the orc but do no damage.
The orc is moderately wounded.
You closely miss the orc.
The orc is moderately wounded.
The orc completely misses you.
Unknown command.
Casting: Passwall
Confirm with . or Enter, or press ? or * to list all spells.
Aiming: Sandblast
Press: ? - help, Shift-Dir - straight line, f - worker ant
Aim: a worker ant The blast of sand hits the worker ant.
The worker ant is almost dead.
b - 9 stones The orc priest calls upon Beogh to heal the orc.
The orc's wounds heal themselves!
A slave comes into view.
Casting: Sandblast
Confirm with . or Enter, or press ? or * to list all spells.
Aiming: Sandblast
Press: ? - help, Shift-Dir - straight line, f/p - worker ant
Aim: a worker ant (almost dead)
The blast of sand hits the worker ant.
You kill the worker ant!
Your Conjurations skill increases to level 1!
Your Hexes skill increases to level 1!
Your Charms skill increases to level 1!
Your Summonings skill increases to level 1!
Your Necromancy skill increases to level 1!
Your Translocations skill increases to level 1!
Your Fire Magic skill increases to level 1!
Your Ice Magic skill increases to level 1!
Your Air Magic skill increases to level 1!
Your Poison Magic skill increases to level 1!
b - 8 stones Unknown command.
You hit the orc. You bite the orc, but do no damage.
The orc is heavily wounded.
The orc barely misses you.
Unknown command.
You hit the orc.
You kill the orc!
An orc and a slave come into view.
You hit the orc.
The orc is moderately wounded.
The orc hits you with a flail. The orc completely misses you.
Unknown command.
You barely miss the orc. Your bite misses the orc.
The orc is moderately wounded.
The orc barely misses you. The orc hits you with a club.
Pikel the Slaver comes into view.
He is wielding a whip of freezing.
As you read the scroll labeled VIVEP XEIMPIZ, it crumbles to dust.
It is a scroll of enchant armour.
Your +0 pair of boots glows green for a moment.
The orc misses you. The orc hits you with a club.
As you read the scroll labeled SIFOIXK KAOLAN, it crumbles to dust.
You hear a loud clanging noise!
It was a scroll of noise.
You hear an angry hiss.
You hear a bark!
You hear a shout! x2
The orc hits you with a flail.
Casting: Sandblast
Confirm with . or Enter, or press ? or * to list all spells.
Aiming: Sandblast
Press: ? - help, Shift-Dir - straight line, f - orc
Aim: an orc, wielding a club The blast of sand hits the orc.
You kill the orc!
b - 7 stones The orc priest mumbles some strange prayers to Beogh against you.
Beogh smites you!
* * * LOW HITPOINT WARNING * * *
The orc hits you with a flail.
* * * LOW HITPOINT WARNING * * *
Unknown command.
Okay, then.
Things that are here:
a club; a worker ant corpse You aren't carrying any potions.
Unknown command.
Unknown command.
An adder and a scorpion come into view.
Unknown command.
Okay, then.
Unknown command.
As you read the scroll labeled DOBAAG FOISSO, it crumbles to dust.
You feel blessed for a moment.
It was a scroll of remove curse.
Unknown command.
Okay, then.
Unknown command.
Drop what? 9/52 slots (_ for help) (? for menu, Esc to quit)
Okay, then.
Unknown command.
You aren't carrying any potions.
Unknown command.
Unknown command.
Okay, then.
Unknown command.
Are you sure you want to abandon this character and quit the game? (Confirm with "yes".)

*****,,,,,,******,,,##.....#,,**
*,,,,,,,......###,*,.......###*≈
******,,.........,#,#.#..#...###
*,,........#*#.#.#.#..#...#
*******,,.........,#.#.#...#.....
,,,,,,,,,........#...........<...
,,,,,>,,,........#.###.#.#.......
,,,,,,,,,........S.......###.###.
,,,,,,**,.......@######........#*
,,,,,,**,........oS.# #####..#...
,,,,,,**,........##o# *$.#####
,,,,,,**,.....s####†#****#.##****
,,,,,,**,......*,,oSo,,*,..,,,,**
*********......*,..K..,*...,,,,,,
*#....,+...p..p+...,,,,**
#....*#.......#pp.,,∆,*
*,,,**#.......#,*******


You could see a scorpion, an orc priest, 2 adders and an orc.

Vanquished Creatures
  Natasha (D:2)
  A worker ant (D:4)
  4 adders (D:2)
  A leopard gecko (D:2)
  2 orcs (D:4)
  2 bats
  A giant cockroach (D:2)
  3 hobgoblins
  A quokka (D:3)
  2 goblins
  3 kobolds
  4 rats (D:2)
25 creatures vanquished.

Notes
Turn   | Place    | Note
-------+----------+-------------------------------------------
     0 | D:1      | tidbits the Gnoll Earth Elementalist began the quest for the Orb.
     0 | D:1      | Reached XP level 1. HP: 13/13 MP: 6/6
    67 | D:2      | Reached skill level 2 in Transmutations
    67 | D:2      | Reached XP level 2. HP: 20/20 MP: 3/7
    71 | D:2      | Learned a level 2 spell: Passwall
   106 | D:2      | You fall through a shaft!
   150 | D:2      | Reached XP level 3. HP: 21/25 MP: 5/9
   152 | D:2      | Reached skill level 5 in Spellcasting
   154 | D:2      | Found a hide-covered altar of Uskayaw.
   242 | D:2      | Reached skill level 1 in Invocations
   253 | D:2      | Reached skill level 1 in Fighting
   253 | D:2      | Reached skill level 1 in Short Blades
   253 | D:2      | Reached skill level 1 in Long Blades
   253 | D:2      | Reached skill level 1 in Axes
   253 | D:2      | Reached skill level 1 in Maces & Flails
   253 | D:2      | Reached skill level 1 in Polearms
   253 | D:2      | Reached skill level 1 in Staves
   253 | D:2      | Reached skill level 1 in Slings
   253 | D:2      | Reached skill level 1 in Bows
   253 | D:2      | Reached skill level 1 in Crossbows
   253 | D:2      | Reached skill level 1 in Throwing
   253 | D:2      | Reached skill level 1 in Armour
   253 | D:2      | Reached skill level 1 in Shields
   253 | D:2      | Reached skill level 1 in Unarmed Combat
   253 | D:2      | Reached skill level 1 in Evocations
   265 | D:2      | Noticed Natasha
   271 | D:2      | Killed Natasha
   271 | D:2      | Reached XP level 4. HP: 21/32 MP: 3/11
   335 | D:4      | Noticed a slave
   335 | D:4      | Noticed a slave
   349 | D:4      | Found a staircase to the Ecumenical Temple.
   355 | D:4      | Noticed a slave
   355 | D:4      | Reached skill level 1 in Conjurations
   355 | D:4      | Reached skill level 1 in Hexes
   355 | D:4      | Reached skill level 1 in Charms
   355 | D:4      | Reached skill level 1 in Summonings
   355 | D:4      | Reached skill level 1 in Necromancy
   355 | D:4      | Reached skill level 1 in Translocations
   355 | D:4      | Reached skill level 1 in Fire Magic
   355 | D:4      | Reached skill level 1 in Ice Magic
   355 | D:4      | Reached skill level 1 in Air Magic
   355 | D:4      | Reached skill level 1 in Poison Magic
   358 | D:4      | Noticed a slave
   360 | D:4      | Noticed Pikel
   362 | D:4      | HP: 3/32 [orc/flail (3)]
   367 | D:4      | Quit the game

Skill      XL: |  1  2  3  4 |
---------------+-------------+-----
Transmutations | 2 |  2.3
Spellcasting   | 5 |  5.1
Invocations    | 1 |  1.4
Fighting       | 1 |  1.2
Short Blades   | 1 |  1.2
Long Blades    | 1 |  1.2
Axes           | 1 |  1.2
Maces & Flails | 1 |  1.2
Polearms       | 1 |  1.2
Staves         | 1 |  1.2
Slings         | 1 |  1.2
Bows           | 1 |  1.2
Crossbows      | 1 |  1.2
Throwing       | 1 |  1.2
Armour         | 1 |  1.2
Shields        | 1 |  1.2
Unarmed Combat | 1 |  1.2
Evocations     | 1 |  1.2
Conjurations   | 1 |  1.0
Hexes          | 1 |  1.0
Charms         | 1 |  1.0
Summonings     | 1 |  1.0
Necromancy     | 1 |  1.0
Translocations | 1 |  1.0
Fire Magic     | 1 |  1.0
Ice Magic      | 1 |  1.0
Air Magic      | 1 |  1.0
Poison Magic   | 1 |  1.0
Dodging        | |  4.7
Stealth        | |  4.3
Earth Magic    | |  5.5

Action                   |  1- 3 |  4- 6 || total
-------------------------+-------+-------++-------
Melee: Short sword       |    16 |     7 ||    23
       Bite              |     2 |     1 ||     3
 Cast: Sandblast         |    20 |     3 ||    23
       Passwall          |     3 |     3 ||     6
  Use: Scroll            |       |     6 ||     6
       Potion            |       |     1 ||     1
 Stab: Sleeping          |     4 |       ||     4
  Eat: Ration            |     1 |       ||     1
Armor: Robe              |     6 |       ||     6
Dodge: Dodged            |    26 |     5 ||    31

Table legend:
 A = Turns spent in this place as a percentage of turns spent in the entire game.
 B = Non-inter-level travel turns spent in this place as a percentage of non-inter-level travel turns spent in the entire game.
 C = Inter-level travel turns spent in this place as a percentage of turns spent in this place.
 D = Turns resting spent in this place as a percentage of non-inter-level travel turns spent in this place.
 E = Turns spent auto-exploring this place as a percentage of non-inter-level travel turns spent in this place.
 F = Non-inter-level travel turns spent in this place divided by the number of levels of this place that you've seen.
                   A       B       C       D       E      F
               +-------+-------+-------+-------+-------+----------------------
         Total | 100.0 | 100.0 |   0.0 |   0.0 |   0.0 |  91.8
       Dungeon | 100.0 | 100.0 |   0.0 |   0.0 |   0.0 |  91.8
               +-------+-------+-------+-------+-------+----------------------

Table legend:
 A = Kills in this place as a percentage of kills in entire the game.
 B = Kills by you in this place as a percentage of kills by you in the entire game.
 C = Kills by friends in this place as a percentage of kills by friends in the entire game.
 D = Other kills in this place as a percentage of other kills in the entire game.
 E = Experience gained in this place as a percentage of experience gained in the entire game.
 F = Experience gained in this place divided by the number of levels of this place that you have seen.
                   A       B       C       D       E      F
               +-------+-------+-------+-------+-------+----------------------
         Total | 100.0 | 100.0 |   N/A |   N/A | 100.0 |  39.5
       Dungeon | 100.0 | 100.0 |   N/A |   N/A | 100.0 |  39.5
               +-------+-------+-------+-------+-------+----------------------

Vault maps used:
D:1:      scummos_arrival_star, serial_glass, glass_columns_b, glass_columns_a,
          glass_columns_a, glass_columns_a, glass_columns_c, glass_columns_c,
          glass_columns_b, glass_columns_a, glass_columns_c, glass_columns_c
D:2:      eat_drink_and_be_merry_uskayaw, roderic_lattice_a, uniq_terence,
          uniq_natasha
D:3:      marbit_many_paths
D:4:      tgw_xom, temple_green, first_ration, minmay_misc_feat_doors,
          uniq_pikel
